 Dungeon Crawl Stone Soup version 0.19-a0-1686-g35356ef (webtiles) character file.

108 Djon the Cudgeler (level 4, -1/44 HPs)
             Began as an Ogre Hunter on Sept 26, 2016.
             Slain by Sigmund
             ... wielding a +0 scythe
              (3 damage)
             ... on level 2 of the Dungeon.
             The game lasted 00:04:58 (2607 turns).

Djon the Cudgeler (Ogre Hunter)                     Turns: 2607, Time: 00:04:59

Health: -1/44      AC:  5    Str: 17    XL:     4   Next: 87%
Magic:  4/4        EV:  9    Int: 10    God:
Gold:   69         SH:  0    Dex: 11    Spells: 0 memorised, 3 levels left

rFire  . . .     SeeInvis .     g - +0 club
rCold  . . .     Gourm    .     a - +0 robe (curse)
rNeg   . . .     Faith    .     (no shield)
rPois  +         Spirit   .     (helmet restricted)
rElec  .         Dismiss  .     n - +0 cloak
rCorr  .         Reflect  .     (gloves unavailable)
MR     .....     Harm     .     (boots unavailable)
Stlth  +.........               (no amulet)
                                (no ring)
                                m - ring of poison resistance

@: heavily drained
A: unfitting armour, tough skin 1
a: no special abilities


You were on level 2 of the Dungeon.
You were hungry.

You visited 1 branch of the dungeon, and saw 2 of its levels.

You collected 69 gold pieces.

Inventory:

Hand Weapons
 g - a +0 club (weapon)
Missiles
 e - 5 curare-tipped needles
Armour
 a - a cursed +0 robe (worn)
 n - a +0 cloak (worn)
Jewellery
 m - a ring of poison resistance (left hand)
Wands
 o - a wand of heal wounds (2/9)
Scrolls
 b - 2 scrolls of enchant armour {unknown}
 i - a scroll of blinking {unknown}
 k - 2 scrolls of teleportation {unknown}
 q - a scroll of amnesia {unknown}
 r - a scroll of enchant weapon {unknown}
Potions
 l - a potion of might {unknown}
 p - a potion of curing {unknown}
 s - a potion of lignification {unknown}
Comestibles
 f - a bread ration
 h - 4 fruits
 j - a meat ration


   Skills:
 - Level 2.6(0.9) Fighting
 + Level 5.4(3.5) Maces & Flails
 - Level 4.0(2.1) Throwing
 - Level 2.1(0.4) Dodging
 - Level 0.7(0.0) Stealth


You had 3 spell levels left.
You didn't know any spells.

Dungeon Overview and Level Annotations

Branches:
Dungeon (2/15)

Altars:

Annotations:
D:2 Sigmund


Innate Abilities, Weirdness & Mutations

You are too large for most types of armour.
You have tough skin. (AC +1)


Message History

You throw a throwing net.
Something gets caught in the net!
Something wriggles in the net.
You hit something.
Something wriggles in the net.
You hit something.
Something wriggles in the net.
You hit something.
Something wriggles in the net. x2
All of a sudden the net rips apart!
You miss something.
You hear some strange, mumbled words.
A magic dart appears from out of thin air!
The magic dart hits you!
You barely miss something. Something hits you but does no damage.
You miss something. You closely miss something. Something hits you!
You barely miss something. Something hits you!
* * * LOW HITPOINT WARNING * * *
You miss something. Something hits you!
* * * LOW HITPOINT WARNING * * *
You hit something but do no damage. You closely miss something.
Something hits you.
You die...

#.# #.###.#.#####.####.#####
#.# #.##.#..#.....)........#
#.# #.################.###.#
..# #.## #..##.# ###
#..###############...#.#####
####
##.##.≈≈≈≈≈≈≈≈≈.##..##......
...#
#.#...≈≈≈≈≈≈≈...#.#########
##.# #(#.))..........#.# #.#
#.(((÷....@{.....(# ##.#
###.)...........#'## ##.#
#...≈≈≈≈≈≈≈...#..## ##.#
##.≈≈≈≈≈≈≈≈≈.##...## # ##<#
##############....## ##
...###### #.....####.
........# ######
#####.....'.... .########
#....# #.........####. #.##
#.#.## ##.......## #.


There were no monsters in sight!

Vanquished Creatures
  A hound (D:1)
  Terence (D:2)
  An adder (D:2)
  5 bats
  3 giant cockroaches
  8 hobgoblins
  2 jackals (D:2)
  7 kobolds
  A quokka (D:2)
  A ball python (D:2)
  2 frilled lizards
  5 goblins
  6 rats
43 creatures vanquished.

Notes
Turn   | Place    | Note
-------+----------+-------------------------------------------
     0 | D:1      | Djon the Ogre Hunter began the quest for the Orb.
     0 | D:1      | Reached XP level 1. HP: 22/22 MP: 1/1
   382 | D:1      | Reached skill level 1 in Maces & Flails
   398 | D:1      | Reached XP level 2. HP: 29/29 MP: 2/2
   582 | D:1      | Reached skill level 2 in Maces & Flails
  1083 | D:1      | Reached skill level 3 in Maces & Flails
  1083 | D:1      | Reached XP level 3. HP: 5/36 MP: 3/3
  1337 | D:2      | Reached skill level 4 in Maces & Flails
  1408 | D:2      | Reached XP level 4. HP: 44/44 MP: 4/4
  1851 | D:2      | Noticed Terence
  1854 | D:2      | Killed Terence
  1915 | D:2      | Reached skill level 5 in Maces & Flails
  2436 | D:2      | Noticed Sigmund
  2605 | D:2      | HP: 1/44 [something (7)]
  2607 | D:2      | Slain by Sigmund

Vault maps used:
D:1:      lemuel_arrival_broad_hall, serial_bayou_pond_c
D:2:      minmay_kobold_bridge, uniq_sigmund, uniq_terence

Skill      XL: |  1  2  3  4 |
---------------+-------------+-----
Dodging        | 2 |  2.1
Maces & Flails | 1 3 4 5 |  5.4
Fighting       | |  2.6
Throwing       | |  4.0
Stealth        | |  0.7

Action                   |  1- 3 |  4- 6 || total
-------------------------+-------+-------++-------
Melee: Short sword       |    16 |       ||    16
       Club              |    79 |   106 ||   185
Throw: Large rock        |     5 |     7 ||    12
       Throwing net      |       |     2 ||     2
Evoke: Wand              |       |     1 ||     1
 Stab: Sleeping          |     1 |     2 ||     3
  Eat: Chunk             |     2 |     3 ||     5
Armor: Robe              |    36 |    30 ||    66
Dodge: Dodged            |    68 |    47 ||   115
